Description

虚空降临红点波次,不含穿梭机以及奖励。 详细信息:https://bbs.nga.cn/read.php?tid=17265336&forder_by=postdatedesc&rand=273

Build Order

Get SALT Encoding   

  1  3:00  Action  
  2  5:00  Action  
  3  7:30  Action 靠近建筑多的二矿  
  4  10:00  Action  
  5  11:00  Action  
  6  14:00  Action  
  7  16:48  Action  
  8  19:18  Action  
  9  21:48  Action  
  10  24:18  Action  
Spawning Tool Build Advisor. Get it on Overwolf

Go to:

Details

  • Created by: DCpro
  • Published on: Aug 05, 2021
  • Modified on: Aug 07, 2021
  • Patch: 4.11.0
  • Difficulty: Medium
Show
View Real Time Build Order
Export as new Build Order

Comments (1)

On Aug. 31, 2022, 8:50 p.m., chikagekoori  said:

14分钟不正确。

Create an account to comment!